 Dungeon Crawl Stone Soup version 0.27-a0-1200-g94dc6ad4cf (webtiles) character file.

Game seed: 6715609400585296579

7495 streetpizza the Grappler (level 10, 0/102 HPs)
             Began as a Troll Hunter on June 1, 2021.
             Was a High Priest of Okawaru.
             Killed from afar by a molten gargoyle (25 damage)
             ... with a bolt of magma
             ... on level 11 of the Dungeon.
             The game lasted 00:27:32 (8871 turns).

streetpizza the Grappler (Troll Hunter)             Turns: 8871, Time: 00:27:32

Health: 0/102      AC:  9    Str: 22    XL:     10   Next: 95%
Magic:  12/14      EV: 17    Int:  7    God:    Okawaru [*****.]
Gold:   486        SH:  0    Dex: 19    Spells: 9/9 levels left

rFire    . . .     SeeInvis .     - Unarmed
rCold    . . .     Faith    .   (no shield)
rNeg     . . .     Spirit   .   H - +0 acid dragon scales
rPois    .         Reflect  .   (helmet restricted)
rElec    .         Harm     .   (no cloak)
rCorr    +         Rampage  .   (gloves unavailable)
Will     .....                  (boots unavailable)
Stlth    +++.......             (no amulet)
HPRegen  1.27/turn              x - ring of flight
MPRegen  0.14/turn              J - +6 ring of dexterity

@: heroic, flying
A: large, unfitting armour, claws 3, regeneration 1, shaggy fur 1, tough skin 1
a: Renounce Religion, Heroism, Finesse


You were on level 11 of the Dungeon.
You worshipped Okawaru.
Okawaru was extremely pleased with you.
You visited 2 branches of the dungeon, and saw 12 of its levels.

You collected 546 gold pieces.
You spent 60 gold pieces at shops.

Inventory:

Hand Weapons
 b - the +3 flail "Haudgh Itha" {drain, rElec rF++ Dex-2}
   (You found it on level 6 of the Dungeon)

   A truly terrible weapon, it drains the life of those it strikes.
   It affects your dexterity (-2).
   It greatly protects you from fire.
   It insulates you from electricity.
 O - the +3 hand axe "Rihuru" {holy, rC+ rN+ SInv}
   (You found it on level 10 of the Dungeon)

   It has been blessed by the Shining One to cause great damage to the undead
   and demons.
   It protects you from cold.
   It protects you from negative energy.
   It lets you see invisible.
Missiles
 c - 5 large rocks
 d - 4 throwing nets
 j - 6 atropa-tipped darts
 s - 36 poisoned darts (quivered)
 L - 3 silver javelins
Armour
 C - a +2 robe of fire resistance
 H - +0 acid dragon scales (worn)
 N - a +0 troll leather armour
Jewellery
 x - a ring of flight (left claw)
 D - a ring of protection from fire
 J - a +6 ring of dexterity (right claw)
 K - a +4 ring of protection
Wands
 E - a wand of charming (12)
 F - a wand of acid (11)
 I - a wand of flame (15)
Scrolls
 f - 4 scrolls of teleportation
 g - a scroll of blinking {unknown}
 h - a scroll of torment {unknown}
 i - 5 scrolls of noise {unknown}
 k - 2 scrolls of fear {unknown}
 l - 10 scrolls of identify
 m - 4 scrolls of holy word {unknown}
 n - 3 scrolls of vulnerability {unknown}
 q - 3 scrolls of magic mapping {unknown}
 t - 2 scrolls of immolation {unknown}
 v - 2 scrolls of enchant armour {unknown}
 y - a scroll of fog {unknown}
 B - 3 scrolls of enchant weapon {unknown}
Potions
 a - a potion of lignification {unknown}
 e - 4 potions of ambrosia {unknown}
 o - 5 potions of degeneration {unknown}
 p - 2 potions of brilliance {unknown}
 r - a potion of magic {unknown}
 u - 2 potions of resistance {unknown}
 w - 3 potions of heal wounds
 z - a potion of might {unknown}
 A - 2 potions of flight {unknown}
 G - a potion of attraction {unknown}
 M - a potion of haste {unknown}


   Skills:
 + Level 7.3(12.3) Fighting
 - Level 5.1(10.1) Throwing
 + Level 7.2(12.2) Dodging
 - Level 0.3(5.3) Stealth
 + Level 8.4(13.4) Unarmed Combat
 + Level 6.7 Invocations


You had 9 spell levels left.
You didn't know any spells.
Your spell library contained the following spells:

 Spells                   Type           Power      Damage    Failure   Level
 Beastly Appendage        Tmut           0%         N/A       50%         1
 Corona                   Hex            0%         N/A       50%         1
 Magic Dart               Conj           0%         1d3       50%         1
 Sting                    Tmut/Pois      0%         1d3       50%         1
 Blink                    Tloc           N/A        N/A       65%         2
 Call Imp                 Summ           0%         N/A       65%         2
 Ensorcelled Hibernation  Hex/Ice        0%         N/A       65%         2
 Poisonous Vapours        Pois/Air       0%         N/A       65%         2
 Slow                     Hex            0%         N/A       65%         2
 Wereblood                Tmut           0%         N/A       65%         2
 Confusing Touch          Hex            0%         N/A       86%         3
 Conjure Flame            Conj/Fire      0%         6-21      86%         3
 Dazzling Flash           Conj/Hex       0%         N/A       86%         3
 Ignite Poison            Fire/Tmut/Pois 0%         N/A       86%         3
 Mephitic Cloud           Conj/Pois/Air  0%         N/A       86%         3
 Spider Form              Tmut/Pois      0%         N/A       86%         3
 Tukima's Dance           Hex            0%         N/A       86%         3
 Ice Form                 Ice/Tmut       0%         N/A       99%         4
 Olgreb's Toxic Radiance  Pois           0%         N/A       99%         4
 Hydra Form               Tmut           0%         N/A       100%        5


Dungeon Overview and Level Annotations

Branches:
Dungeon (11/15)            Temple (1/1) D:5             Orc (0/2) D:11
   Lair: D:8-11

Altars:
Ashenzari
Cheibriados
Dithmenos
Elyvilon
Fedhas
Gozag
Hepliaklqana
Kikubaaqudgha
Makhleb
Nemelex Xobeh
Okawaru
Qazlal
Ru
Sif Muna
Trog
Uskayaw
Vehumet
Wu Jian
Xom
Yredelemnul
Zin
The Shining One

Shops:
D:1 *   D:4 ?   D:6 :

Annotations:
D:10 1 runed translucent door, Belboz's ghost, journeyman TrHu


Innate Abilities, Weirdness & Mutations

You are too large for most types of armour.
You have claws for hands.
Your natural rate of healing is unusually fast.
You are covered in fur. (AC +1)
You have tough skin. (AC +1)


Message History

The troll is heavily wounded.
The troll bites you! The troll completely misses you.
The troll barely misses you.
You mangle the troll!!
The troll is almost dead.
The troll completely misses you. The troll misses you. The troll claws you.
You scratch the troll but do no damage.
The troll is almost dead.
The troll bites you! The troll claws you! The troll misses you.
You barely miss the troll.
The troll is almost dead.
The troll misses you. The troll claws you.
The troll claws you but does no damage.
You mangle the troll!!
You kill the troll!
Okawaru accepts your kill.
You can now speed up your combat.
Okawaru will now gift you equipment as you gain piety.
You now have 486 gold pieces (gained 22). 2 molten gargoyles come into view.
A molten gargoyle comes into view. It is wielding a +0 flail.
The molten gargoyle moves out of view.
The molten gargoyle blasts magma at you!
The bolt of magma hits you!!
You see here a wand of charming (2).
E - a wand of charming (12) (gained 2 charges)
The molten gargoyle hits you with a +0 mace!
You are engulfed in flames!
You start resting.
A molten gargoyle is nearby!
The molten gargoyle blasts magma at you!
The bolt of magma hits you!!
The molten gargoyle blasts magma at you!
The bolt of magma hits you!
You gain the combat prowess of a mighty hero.
The molten gargoyle blasts magma at you!
The bolt of magma hits you!!
* * * LOW HITPOINT WARNING * * *
The molten gargoyle blasts magma at you!
The bolt of magma hits you!!
You die...

≈#..........#
≈≈..........#
≈≈..........#
≈≈##........#
≈≈≈#........#
≈≈≈≈........#
≈≈≈#....>...#
≈≈##........########
≈.##............@99#
.........#########.##
.........# #.9#
.......T.# #####9#
........#$# #.#.#.#
.........#.#.#.#.#.##
........#...§.§..9#.#
...$..... .§≈≈≈≈≈..##
#.##....# §≈≈≈≈9≈.#.#


You could see 3 molten gargoyles.

Vanquished Creatures
  Pikel (D:9)
  3 trolls
  2 hornets
  13 yaks
  A water elemental (D:11)
  3 wyverns
  Grum (D:8)
  An acid dragon (D:8)
  A water moccasin (D:9)
  3 orc warriors
  Purgy (D:3)
  2 sky beasts
  An ice beast (D:6)
  A necrophage (D:5)
  4 wolves (D:8)
  A centaur (D:8)
  A kobold brigand (D:8)
  5 bullfrogs
  A wyvern zombie (D:6)
  2 gnoll sergeants (D:10)
  A scorpion (D:5)
  A killer bee (D:8)
  A wyvern skeleton (D:4)
  A water moccasin skeleton (D:6)
  3 howler monkeys
  An electric eel (D:11)
  A jelly (D:6)
  A hound (D:7)
  4 centaur zombies
  A gnoll shaman (D:8)
  2 bullfrog zombies
  7 orc priests
  5 iguanas
  5 orc wizards
  A hound zombie (D:5)
  A hound skeleton (D:5)
  2 howler monkey zombies
  A howler monkey skeleton (D:7)
  12 adders
  10 gnolls
  2 white imps
  An ufetubus (D:7)
  An adder skeleton (D:4)
  2 worms (D:2)
  2 dart slugs
  20 orcs
  8 endoplasms
  A giant cockroach (D:1)
  6 hobgoblins
  19 jackals
  3 kobolds
  4 quokkas
  4 ball pythons
  8 bats
  6 frilled lizards
  7 goblins
  3 rats
206 creatures vanquished.

Notes
Turn   | Place    | Note
-------+----------+-------------------------------------------
     0 | D:1      | streetpizza the Troll Hunter began the quest for the Orb.
     0 | D:1      | Reached XP level 1. HP: 19/19 MP: 0/0
    84 | D:1      | Reached XP level 2. HP: 28/28 MP: 1/1
   190 | D:1      | Reached skill level 1 in Unarmed Combat
   347 | D:1      | Reached XP level 3. HP: 29/35 MP: 2/2
   467 | D:1      | Found Difot's Assorted Antiques.
   905 | D:2      | Reached XP level 4. HP: 42/42 MP: 3/3
  1574 | D:3      | Reached skill level 2 in Unarmed Combat
  2039 | D:4      | Reached XP level 5. HP: 16/50 MP: 4/4
  2079 | D:4      | Noticed Purgy
  2122 | D:3      | Killed Purgy
  2283 | D:4      | Reached XP level 6. HP: 59/59 MP: 5/5
  2369 | D:4      | Found Bemighyu's Magic Scroll Boutique.
  2377 | D:4      | Bought a scroll of teleportation for 36 gold pieces
  2377 | D:4      | Bought a scroll of identify for 24 gold pieces
  2412 | D:4      | Reached skill level 3 in Unarmed Combat
  2586 | D:5      | Entered Level 5 of the Dungeon
  2778 | D:5      | Noticed an orc warrior
  3027 | D:5      | Reached XP level 7. HP: 67/67 MP: 6/6
  3059 | D:4      | Reached skill level 5 in Throwing
  3237 | D:5      | Found a staircase to the Ecumenical Temple.
  3242 | Temple   | Entered the Ecumenical Temple
  3530 | Temple   | Became a worshipper of Warmaster Okawaru
  3564 | D:5      | Reached skill level 4 in Unarmed Combat
  3908 | D:6      | Reached skill level 1 in Invocations
  3969 | D:6      | Identified the +3 flail "Haudgh Itha" {drain, rElec rF++
                  | Dex-2}
  4069 | D:6      | Reached * piety under Okawaru
  4070 | D:6      | Reached XP level 8. HP: 44/78 MP: 8/8
  4115 | D:6      | Found Faed's Book Shop.
  4498 | D:7      | Reached skill level 5 in Unarmed Combat
  4726 | D:7      | Found a hazy altar of Hepliaklqana.
  5464 | D:8      | Reached skill level 5 in Fighting
  5480 | D:8      | Reached skill level 5 in Dodging
  5480 | D:8      | Reached XP level 9. HP: 88/88 MP: 10/10
  5483 | D:8      | Reached ** piety under Okawaru
  5582 | D:8      | Reached skill level 6 in Unarmed Combat
  6017 | D:8      | Reached *** piety under Okawaru
  6306 | D:8      | Reached skill level 5 in Invocations
  6310 | D:8      | Reached skill level 7 in Unarmed Combat
  6326 | D:8      | Reached XP level 10. HP: 34/98 MP: 12/12
  6333 | D:8      | Reached **** piety under Okawaru
  6452 | D:8      | Noticed Grum
  6467 | D:8      | Killed Grum
  7171 | D:9      | Noticed Pikel
  7182 | D:9      | Killed Pikel
  7512 | D:9      | Received a gift from Okawaru
  7795 | D:10     | Entered Level 10 of the Dungeon
  7843 | D:10     | Reached skill level 8 in Unarmed Combat
  8237 | D:10     | Reached ***** piety under Okawaru
  8333 | D:10     | Identified the +3 hand axe "Rihuru" {holy, rC+ rN+ SInv}
  8519 | D:10     | Found a runed translucent door.
  8519 | D:10     | Found a shimmering altar of Xom.
  8519 | D:10     | Noticed Belboz's ghost (journeyman TrHu)
  8520 | D:10     | Noticed a +1 rapier of chaos
  8707 | D:11     | Found a staircase to the Orcish Mines.
  8784 | D:11     | Noticed a molten gargoyle
  8855 | D:11     | Noticed a molten gargoyle
  8855 | D:11     | Noticed a molten gargoyle
  8855 | D:11     | Noticed a molten gargoyle
  8871 | D:11     | Killed from afar by a molten gargoyle

Illustrated notes

Levels and vault maps discovered:
D:1:      lightli_arrival_statuegarden, layout_basic, serial_shops, shop,
          chequers_serial_rivers_micro_e, minmay_surrounded
D:2:      layout_basic
D:3:      layout_loops_ring, eino_tiny_chamber
D:4:      layout_cave_pools, serial_shops, shop, uniq_purgy
D:5:      layout_loops_ring, minmay_temple_entry_statues_pillars
D:6:      layout_rooms, serial_shops, shop, grunt_ministairs_12
D:7:      layout_basic, kennysheep_mini_moat
D:8:      layout_basic, nrook_loot_triangle, minmay_fractal_squares_diagonal_5,
          uniq_grum
D:9:      layout_grid_maze, uniq_pikel
D:10:     layout_loops_ring, ebering_ghost_xom
D:11:     layout_basic, lair_entry_dummy, orc_0_dummy, minivault_8, uniq_psyche
Temple:   compressed_dpeg_triangle_lava_temple

Skill      XL: |  1  2  3  4  5  6  7  8  9 10 |
---------------+-------------------------------+-----
Unarmed Combat | 1 2 3 4 5 7 8 |  8.4
Fighting       | 2 3 4 5 6 7 |  7.3
Dodging        | 2 3 4 5 6 7 |  7.2
Throwing       | 4 5 |  5.1
Invocations    | 1 3 5 6 |  6.7
Stealth        | |  0.3

Action                   |  1- 3 |  4- 6 |  7- 9 | 10-12 || total
-------------------------+-------+-------+-------+-------++-------
Melee: Unarmed           |   151 |   181 |   280 |   168 ||   780
       Punch             |       |     2 |    13 |     9 ||    24
Throw: Dart              |       |     7 |       |       ||     7
Invok: Heroism           |       |       |     2 |     3 ||     5
  Use: Scroll            |       |     1 |       |       ||     1
       Potion            |       |       |     1 |       ||     1
 Stab: Sleeping          |     1 |     1 |       |       ||     2
       Distracted        |       |     1 |       |       ||     1
Armor: Robe              |    66 |    56 |    69 |       ||   191
       Acid dragon scale |       |       |       |    38 ||    38
Dodge: Dodged            |    97 |   102 |   121 |    87 ||   407

Table legend: (Time is in decaauts)
 A = Elapsed time spent in this place.
 B = Non-inter-level travel time spent in this place.
 C = Inter-level travel time spent in this place.
 D = Time resting spent in this place.
 E = Time spent auto-exploring this place.
 F = Levels seen in this place.
 G = Mean time per level.
                   A        B        C        D        E       F      G
               +--------+--------+--------+--------+--------+-----+--------+
         Total |   8801 |   8449 |    352 |     63 |   6578 |  12 |  733.4 |
       Dungeon |   8508 |   8156 |    352 |     63 |   6304 |  11 |  773.5 |
        Temple |    293 |    293 |      0 |      0 |    274 |   1 |  293.0 |
               +--------+--------+--------+--------+--------+-----+--------+

Top non-repeatable levels by time:
     D:8: 1293 daAuts
     D:9: 1036 daAuts
     D:5: 1004 daAuts
     D:7: 993 daAuts
    D:10: 900 daAuts
     D:1: 706 daAuts
     D:3: 672 daAuts
     D:2: 668 daAuts
     D:4: 555 daAuts
     D:6: 515 daAuts
  Temple: 293 daAuts
    D:11: 161 daAuts
